 Dungeon Crawl Stone Soup version 0.30.1-11-g7821555f0a (webtiles) character file.

Game seed: 13339609649132637114

70 KittyFluff the Cudgeller (level 4, 0/28 HPs)
             Began as a Gargoyle Berserker on Nov 11, 2023.
             Was a Believer of Trog.
             Slain by Natasha (3 damage)
             ... on level 2 of the Dungeon.
             The game lasted 00:05:07 (1362 turns).

KittyFluff the Cudgeller (Gargoyle Berserker)       Turns: 1362, Time: 00:05:07

Health: 0/28       AC: 11    Str: 23    XL:     4   Next: 22%
Magic:  4/4        EV: 10    Int:  7    God:    Trog [**....]
Gold:   74         SH:  8    Dex:  9    Spells: 3/3 levels left

rFire   . . .        a - +0 mace
rCold   . . .        l - +2 kite shield {AC+3}
rNeg    + . .        c - +0 leather armour
rPois   ∞            i - +0 helmet
rElec   +            (no cloak)
rCorr   .            (no gloves)
SInv    .            (no boots)
Will    .....        (no amulet)
Stlth   +            (no ring)
HPRegen 0.24/turn    (no ring)
MPRegen 0.09/turn

%: no passive effects
@: no status effects
A: sickness immunity, AC +3, negative energy resistance 1, electricity
resistance, torment resistance 1, petrification resistance
a: Renounce Religion, Berserk, Trog's Hand


You were on level 2 of the Dungeon.
You worshipped Trog.
Trog was pleased with you.
You visited 1 branch of the dungeon, and saw 2 of its levels.

You collected 74 gold pieces.

Inventory:

Hand Weapons
 a - a +0 mace (weapon)
Missiles
 g - 5 boomerangs of dispersal (quivered)
Armour
 c - a +0 leather armour (worn)
 i - a +0 helmet (worn)
 l - a +2 kite shield of protection (worn)
Scrolls
 b - a scroll of summoning {unknown}
 d - 2 scrolls of magic mapping {unknown}
 e - 2 scrolls of identify {unknown}
 f - a scroll of fear {unknown}
Potions
 h - a potion of mutation {unknown}
 j - a potion of haste {unknown}
 k - a potion of heal wounds {unknown}


   Skills:
 + Level 3.6 Fighting
 * Level 3.7 Maces & Flails
 * Level 3.2 Armour
 + Level 1.8 Dodging
 + Level 1.4 Stealth
 + Level 0.1 Shields


You had 3 spell levels left.
You didn't know any spells.
Your spell library was empty.

Dungeon Overview and Level Annotations

Branches:
Dungeon (2/15)

Altars:

Shops:
D:2 :

Annotations:
D:2 Natasha


Innate Abilities, Weirdness & Mutations

You are immune to sickness and miasma.
Your stone body is resilient. (AC +3)
You are immune to poison.
You resist negative energy. (rN+)
You are resistant to electric shocks. (rElec)
You are resistant to unholy torment.
You are immune to petrification.


Message History

The jackal closely misses you. The jackal completely misses you.
You barely miss the jackal.
The jackal is heavily wounded.
The jackal bites you but does no damage.
The jackal closely misses you.
You sock the jackal!
You kill the jackal!
Trog accepts your kill. The jackal misses you.
You barely miss the jackal. You block the jackal's attack.
The jackal misses you.
You sock the jackal!
You kill the jackal!
Trog accepts your kill.
You see here a jackal corpse.
Found 9 gold pieces.
You now have 74 gold pieces (gained 9).
Found a stone staircase leading up.
Natasha, Servant of Life and Death comes into view.
She is carrying a wand of roots (13).
There is a stone staircase leading up here.
A dart slug comes into view.
Natasha drinks a potion.
Natasha flickers and vanishes!
Deactivating autopickup; reactivate with Ctrl-A.
You hear some strange, mumbled words.
A magic dart appears from out of thin air!
The magic dart hits you but does no damage.
You closely miss something. You block something's attack.
You hit something. You block something's attack.
You barely miss something. You block something's attack.
You barely miss something. You block something's attack.
You hear some strange, mumbled words.
A magic dart appears from out of thin air!
The magic dart hits you.
You hit something but do no damage. Something claws you!
You closely miss something. Something claws you!
* * * LOW HITPOINT WARNING * * *
Something claws you.
* * * LOW HITPOINT WARNING * * *
Something claws you.
You die...

#....#.#### ##..
#....#....# ##.
###.#####.##########
#.
##.#####..........####
#.......#########...##
#.......# ###...
#.......# ####
#....<..# #....@..#
#...w...# ###..####
#..# #..# .... ....
#.... #....


You could see a dart slug.

Vanquished Creatures
  2 adders (D:2)
  6 ball pythons
  5 bats (D:1)
  9 endoplasms
  A giant cockroach (D:2)
  6 goblins
  4 hobgoblins
  3 jackals (D:2)
  4 kobolds
  2 quokkas (D:1)
  A frilled lizard (D:2)
  3 rats
46 creatures vanquished.

Notes
Turn   | Place    | Note
-------+----------+-------------------------------------------
     0 | D:1      | KittyFluff the Gargoyle Berserker began the quest for the
                  | Orb.
     0 | D:1      | Reached XP level 1. HP: 14/14 MP: 1/1
   223 | D:1      | Reached XP level 2. HP: 18/19 MP: 2/2
   749 | D:1      | Reached XP level 3. HP: 23/23 MP: 3/3
   913 | D:2      | Reached ** piety under Trog
  1055 | D:2      | Found a faded altar of an unknown god.
  1060 | D:2      | Reached skill level 1 in Stealth
  1123 | D:2      | Found Tyrutul's Book Shoppe.
  1170 | D:2      | Reached XP level 4. HP: 19/28 MP: 4/4
  1350 | D:2      | Noticed Natasha
  1362 | D:2      | Slain by Natasha

Illustrated notes

Levels and vault maps discovered:
D:1:      matt_arrival_refuge, layout_basic, nrook_campfire
D:2:      layout_rooms, shapermc_ecumenical_altar_pompeii, serial_shops,
          nicolae_shop_crystal, uniq_natasha

Skill      XL: |  1  2  3 |
---------------+----------+-----
Armour         | 3 |  3.2
Stealth        | 1 |  1.4
Fighting       | |  3.6
Maces & Flails | |  3.7
Dodging        | |  1.8
Shields        | |  0.1

Action                     |  1- 3 |  4- 6 || total
---------------------------+-------+-------++-------
  Melee: Mace              |   129 |    32 ||   161
   Stab: Sleeping          |     1 |       ||     1
 Armour: Leather armour    |    56 |    11 ||    67
  Dodge: Dodged            |    85 |    14 ||    99
  Block: Kite shield       |       |    12 ||    12
